 Dungeon Crawl Stone Soup version 0.19-a0-1815-g4007336 (console) character file.

1565 brucemayne the Grappler (level 8, -8/78 HPs)
             Began as a Troll Hunter on Oct 5, 2016.
             Was a Follower of Makhleb.
             Shot with an arrow by a centaur (13 damage)
             ... on level 11 of the Dungeon.
             The game lasted 00:09:58 (1823 turns).

brucemayne the Grappler (Troll Hunter)              Turns: 1823, Time: 00:10:00

Health: -8/78      AC:  8    Str: 26    XL:     8   Next: 59%
Magic:  7/7        EV: 10    Int: 12    God:    Makhleb [*.....]
Gold:   155        SH:  0    Dex: 12    Spells: 0 memorised, 7 levels left

rFire  . . .     SeeInvis .       - Unarmed
rCold  . . .     Gourm    +     j - +2 robe {Archmagi}
rNeg   . . .     Faith    .     (no shield)
rPois  +         Spirit   .     (helmet restricted)
rElec  .         Dismiss  .     m - +0 cloak
rCorr  .         Reflect  .     (gloves unavailable)
MR     .....     Harm     .     (boots unavailable)
Stlth  +.........               (no amulet)
                                v - ring of poison resistance
                                w - +5 ring of strength

@: brilliant, very slightly contaminated, hasted, very quick
A: unfitting armour, claws 3, fast metabolism 3, gourmand, regeneration 1,
shaggy fur 1, tough skin 2
a: Renounce Religion


You were on level 11 of the Dungeon.
You worshipped Makhleb.
Makhleb was aware of your devotion.
You were hungry.

You visited 1 branch of the dungeon, and saw 11 of its levels.
You also visited: Sewer.

You collected 155 gold pieces.

Inventory:

Hand Weapons
 a - a +0 short sword
 n - a +1 whip of draining
Missiles
 c - 2 large rocks (quivered)
Armour
 b - a +0 robe
 j - a +2 robe of the Archmagi (worn)
 m - a +0 cloak (worn)
 u - a +1 large shield
Jewellery
 e - an uncursed ring of stealth
 h - an uncursed ring of protection from fire
 v - a ring of poison resistance (right claw)
 w - a +5 ring of strength (left claw)
 y - an uncursed ring of wizardry
Wands
 t - a wand of disintegration (8/24)
Scrolls
 g - 2 scrolls of magic mapping
 l - a scroll of enchant armour
 o - 3 scrolls of identify
 p - a scroll of immolation
Books
 q - a book of Geomancy

   Spells                             Type                      Level
   a - Sandblast                      Earth                        1
   b - Passwall                       Transmutation/Earth          2
   c - Stone Arrow                    Conjuration/Earth            3
   d - Petrify                        Transmutation/Earth          4
   e - Lee's Rapid Deconstruction     Earth                        5
Comestibles
 f - 3 bread rations
 r - a beef jerky
 s - a meat ration
 x - a chunk of flesh


   Skills:
 + Level 3.8 Fighting
 - Level 3.6 Throwing
 - Level 1.5 Dodging
 - Level 0.3 Stealth
 + Level 9.9 Unarmed Combat


You had 7 spell levels left.
You didn't know any spells.

Dungeon Overview and Level Annotations

Branches:
Dungeon (11/15)
 Temple: D:4-7         Lair: D:8-11         Orc: D:9-12

Altars:
Elyvilon
Makhleb
Yredelemnul


Innate Abilities, Weirdness & Mutations

You are too large for most types of armour.
You have claws for hands.
Your metabolism is lightning-fast.
You like to eat raw meat.
Your natural rate of healing is unusually fast.
You are covered in fur. (AC +1)
You have very tough skin. (AC +2)


Message History

The killer bee is blasted.
You blow up the killer bee!
Makhleb accepts your kill.
This wand has 8 charges left.
The centaur hits you but does no damage.
The hound barely misses you.
Unknown command.
Unknown command.
Unknown command.
You scratch the centaur.
The centaur is severely wounded.
The centaur hits you but does no damage.
You scratch the centaur. You claw the centaur.
You kill the centaur!
Makhleb accepts your kill. The hound bites you but does no damage.
The centaur shoots an arrow.
The arrow hits you.
* * * LOW HITPOINT WARNING * * *
The centaur shoots an arrow.
The arrow hits you!
You die...

## .. .. . .
..Y#.##.
#.##.#...)####
##....c$....c.
#...#...#.##h#
#Y.Y..c.c.##@#
#.Y....c..##)#
#.......cc(cc#
#......##(####
#.!...<'.(#
........####
#########


You could see 3 centaurs and a hound.

Vanquished Creatures
  Sigmund (D:2)
  4 centaurs
  A big kobold (D:9)
  3 bullfrogs
  4 scorpions
  A killer bee (D:11)
  A centaur zombie (D:11)
  A hound (D:8)
  2 orc priests (D:3)
  A centaur skeleton (D:9)
  Terence (D:2)
  2 orc wizards
  5 worker ants
  A howler monkey skeleton (D:5)
  6 adders
  2 river rats (D:3)
  8 oozes (Sewer)
  An adder skeleton (D:5)
  2 adder zombies (D:5)
  2 worms
  A dart slug (D:1)
  9 leopard geckos
  9 orcs
  7 ball pythons
  3 bats
  17 giant cockroaches
  4 goblins
  3 hobgoblins
  7 jackals
  2 quokkas
  14 frilled lizards
  A jackal zombie (D:5)
  9 kobolds
  A rat (D:3)
136 creatures vanquished.

Notes
Turn   | Place    | Note
-------+----------+-------------------------------------------
     0 | D:1      | brucemayne the Troll Hunter began the quest for the Orb.
     0 | D:1      | Reached XP level 1. HP: 19/19 MP: 0/0
    27 | D:1      | Reached skill level 1 in Unarmed Combat
    66 | D:1      | Reached XP level 2. HP: 27/27 MP: 1/1
    77 | D:1      | Reached skill level 2 in Unarmed Combat
   160 | D:2      | Noticed Terence
   170 | D:2      | Killed Terence
   170 | D:2      | Reached skill level 3 in Unarmed Combat
   170 | D:2      | Reached XP level 3. HP: 29/33 MP: 2/2
   208 | D:2      | Noticed Sigmund
   223 | D:2      | Killed Sigmund
   223 | D:2      | Reached skill level 5 in Unarmed Combat
   223 | D:2      | Reached XP level 4. HP: 32/41 MP: 3/3
   223 | D:2      | Reached XP level 5. HP: 37/48 MP: 4/4
   384 | D:4      | Reached XP level 6. HP: 30/55 MP: 5/5
   403 | D:4      | Reached skill level 6 in Unarmed Combat
   616 | D:3      | Found a faded altar of an unknown god.
   670 | D:3      | Found a glowing drain.
   682 | Sewer    | Entered a sewer
   878 | Sewer    | Reached skill level 7 in Unarmed Combat
   918 | Sewer    | Reached XP level 7. HP: 56/62 MP: 6/6
  1164 | D:5      | Entered Level 5 of the Dungeon
  1213 | D:5      | Reached skill level 8 in Unarmed Combat
  1279 | D:5      | Found a basalt altar of Yredelemnul.
  1299 | D:5      | Found a white marble altar of Elyvilon.
  1364 | D:5      | Found a burning altar of Makhleb.
  1415 | D:5      | Became a worshipper of Makhleb the Destroyer
  1584 | D:8      | Reached skill level 9 in Unarmed Combat
  1611 | D:8      | Reached XP level 8. HP: 71/72 MP: 7/7
  1779 | D:10     | Entered Level 10 of the Dungeon
  1812 | D:11     | Reached * piety under Makhleb
  1823 | D:11     | Shot with an arrow by a centaur

Vault maps used:
D:1:      wheals_arrival_shading
D:2:      first_bread, minmay_misc_feat_alley, uniq_sigmund, uniq_terence
D:3:      ecumenical_altar_1, portal_sewer_entry_b
D:4:      minmay_wonky_spiral, sigmund_army, uniq_natasha
D:5:      overflow_temple_1_default, minmay_misc_feat_enclosed,
          hangedman_feature_mirror, serial_bayou_pond_b, st_stairs_13,
          nicolae_zen_rock_garden, lemuel_tele_altar
D:6:      serial_shops, nicolae_shop_crystal
D:7:      serial_shops, shop_statue, minmay_misc_feat_room
D:8:      serial_shops, shop_coins
D:9:      gammafunk_temple_overflow_elements, serial_shops,
          nicolae_shop_statue_plus, hangedman_ranch, kennysheep_small_spiral
D:10:     minivault_7, uniq_nergalle
D:11:     lair_0_dummy, orc_0_dummy
Sewer:    sewer_frog_island_02

Skill      XL: |  1  2  3  4  5  6  7  8 |
---------------+-------------------------+-----
Unarmed Combat | 1 3 5 7 9 |  9.9
Fighting       | 2 3 |  3.8
Throwing       | |  3.6
Dodging        | |  1.5
Stealth        | |  0.3

Action                   |  1- 3 |  4- 6 |  7- 9 || total
-------------------------+-------+-------+-------++-------
Melee: Unarmed           |    56 |   178 |   110 ||   344
       Punch             |       |     4 |     7 ||    11
Throw: Large rock        |     5 |     4 |     4 ||    13
       Throwing net      |       |       |     2 ||     2
Evoke: Wand              |       |       |     1 ||     1
  Use: Scroll            |       |       |     8 ||     8
       Potion            |       |       |     2 ||     2
 Stab: Sleeping          |     2 |     5 |     2 ||     9
  Eat: Chunk             |       |     6 |     8 ||    14
Armor: Robe              |    36 |   100 |    42 ||   178
Dodge: Dodged            |    34 |   129 |    66 ||   229
